 Dungeon Crawl Stone Soup version 0.19-a0-644-gd04d753 (webtiles) character file.

98 Etesian the Insei (level 4, -5/36 HPs)
             Began as a Draconian Transmuter on June 14, 2016.
             Killed by divine providence
             ... invoked by an orc priest
              (10 damage)
             ... on level 3 of the Dungeon.
             The game lasted 00:04:24 (1886 turns).

Etesian the Insei (Draconian Transmuter)            Turns: 1886, Time: 00:04:24

Health: -5/36      AC:  5    Str: 12    XL:     4   Next: 43%
Magic:  1/7        EV: 12    Int: 14    God:
Gold:   87         SH:  0    Dex: 12    Spells: 2 memorised, 3 levels left

rFire  . . .     SeeInvis .       - Unarmed
rCold  . . .     Gourm    .     (armour unavailable)
rNeg   . . .     Faith    .     (no shield)
rPois  .         Spirit   .     (helmet restricted)
rElec  .         Dismiss  .     (no cloak)
rCorr  .         Reflect  .     (no gloves)
SustAt .         Harm     .     (boots currently unavailable)
MR     .....                    (no amulet)
Stlth  +.........               (no ring)
                                (no ring)

@: appendage, very slightly contaminated, not resistant to hostile enchantments,
very unstealthy
A: unfitting armour, talons 3, cold-blooded, AC +5
a: End Transformation


You were on level 3 of the Dungeon.
You were not hungry.
You had grown temporary talons.
You visited 1 branch of the dungeon, and saw 3 of its levels.

You collected 87 gold pieces.

Inventory:

Missiles
 a - 12 arrows
Scrolls
 d - a scroll of recharging
Potions
 i - a potion of cure mutation
 k - a potion of magic {unknown}
Books
 b - a book of Changes

   Spells                             Type                      Level
   a - Beastly Appendage              Transmutation                1
   b - Sticks to Snakes               Transmutation                2
   c - Spider Form                    Transmutation/Poison         3
   d - Ice Form                       Ice/Transmutation            4
   e - Blade Hands                    Transmutation                5
Comestibles
 c - 2 bread rations
 j - a meat ration


   Skills:
 + Level 1.9 Fighting
 + Level 2.2 Dodging
 * Level 4.0 Unarmed Combat
 - Level 2.0 Spellcasting
 * Level 3.2 Transmutations


You had 3 spell levels left.
You knew the following spells:

 Your Spells              Type           Power        Failure   Level  Hunger
a - Beastly Appendage     Tmut           ##....       10%         1    ##.....
b - Spider Form           Tmut/Pois      #.........   38%         3    ####...


Dungeon Overview and Level Annotations

Branches:
Dungeon (3/15)

Altars:
Trog


Innate Abilities, Weirdness & Mutations

Your plain brown scales are hard. (AC +5)
Your body does not fit into most forms of armour.
You are cold-blooded and may be slowed by cold attacks.
You have claws for feet.


Message History

The orc wizard closely misses you.
You hit the orc wizard. Your kick misses the orc wizard.
The orc wizard is lightly wounded.
The orc wizard hits you but does no damage.
You closely miss the orc wizard.
The orc wizard is lightly wounded.
The orc wizard points at you and mumbles some strange words.
The magic dart hits you!
The orc priest invokes the aid of Beogh against you.
Beogh smites you!
* * * LOW HITPOINT WARNING * * *
The orc wizard gestures at you while chanting.
The magic dart hits you!
* * * LOW HITPOINT WARNING * * *
You take 21 damage, and have 5/36 hp.
MASSIVE DAMAGE!!
You hit the orc wizard.
The orc wizard is moderately wounded.
The orc priest mumbles some strange prayers to Beogh against you.
Beogh smites you!
You die...

# #.##
#####o...##
#..@oro....
#.###o...##
# .....
.### #


You could see an orc priest, an orc wizard, 2 orcs and a rat.

Vanquished Creatures
  4 adders
  6 worms (D:2)
  2 dart slugs (D:1)
  2 giant geckos (D:2)
  An orc (D:3)
  2 giant cockroaches (D:2)
  4 hobgoblins
  4 kobolds (D:1)
  2 ball pythons (D:1)
  3 bats
  A giant newt (D:2)
  4 goblins
  8 rats
43 creatures vanquished.

Notes
Turn   | Place    | Note
--------------------------------------------------------------
     0 | D:1      | Etesian the Draconian Transmuter began the quest for the Orb.
     0 | D:1      | Reached XP level 1. HP: 16/16 MP: 3/3
   446 | D:1      | Reached XP level 2. HP: 20/23 MP: 3/5
   671 | D:1      | Reached XP level 3. HP: 20/28 MP: 6/6
  1087 | D:2      | Learned a level 3 spell: Spider Form
  1247 | D:2      | Reached XP level 4. HP: 34/36 MP: 5/7
  1293 | D:2      | Noticed a moth of wrath
  1295 | D:2      | Found a bloodstained altar of Trog.
  1835 | D:2      | Reached skill level 4 in Unarmed Combat
  1886 | D:3      | Killed from afar by an orc priest

Vault maps used:
D:1:      dpeg_arrival_radiant
D:2:      tgw_trog
D:3:      ecumenical_altar_1, uniq_robin

Skill      XL: |  1  2  3  4 |
---------------+-------------+-----
Dodging        | 2 |  2.2
Transmutations | 3 |  3.2
Unarmed Combat | 4 |  4.0
Fighting       | |  1.9
Spellcasting   | |  2.0

Action                   |  1- 3 |  4- 6 || total
-------------------------+-------+-------++-------
Melee: Unarmed           |   164 |    40 ||   204
       Tailslap          |    17 |     8 ||    25
       Kick              |     1 |     6 ||     7
       Headbutt          |     6 |       ||     6
       Punch             |       |     1 ||     1
 Cast: Beastly Appendage |    10 |     6 ||    16
  Use: Scroll            |       |     5 ||     5
 Stab: Sleeping          |     1 |       ||     1
  Eat: Chunk             |     2 |     2 ||     4
Armor: Skin              |    61 |     6 ||    67
Dodge: Dodged            |   133 |    12 ||   145
